[Event "Early-Titled-Tuesday-Blitz-October-03-2023"]
[Site "Chess.com"]
[Date "2023.10.03"]
[Round "1"]
[White "Djager97"]
[Black "KVAIDAN"]
[Result "0-1"]
[WhiteElo "2575"]
[BlackElo "2263"]
[TimeControl "180+1"]
[EndTime "8:05:50 PDT"]
[Termination "KVAIDAN won on time"]

1. e4 e5 2. Nf3 d5 3. Nxe5 Bd6 4. d4 dxe4 5. Bc4 Bxe5 6. Qh5 Qe7 7. Qxe5 Qxe5 8. dxe5 Nc6 9. Nc3 Bf5 10. Bd5 Nge7 11. Bxe4 Bxe4 12. Nxe4 Nxe5 13. Bf4 N7c6 14. O-O-O O-O 15. Rhe1 Rfe8 16. f3 f6 17. Nc3 Rad8 18. Nb5 Rxd1+ 19. Rxd1 Re7 20. Nc3 Kf7 21. b3 a6 22. Nd5 Rd7 23. c4 Ne7 24. Nxe7 Rxd1+ 25. Kxd1 Kxe7 26. Ke2 Ke6 27. g4 c5 28. Ke3 Nc6 29.
Ke4 Nb4 30. Be3 b6 31. a4 a5 32. Bf4 Nc2 33. Bc7 Nd4 34. Bxb6 Nxb3 35. Kd3 Kd6 36.
Kc3 Nd4 37. Bxa5 Nxf3 38. h3 Ng5 39. h4 Nf3 40. h5 Ne5 41. Bd8 Nxg4 42. a5 Kc6 43.
Kd3 Ne5+ 0-1

[Event "Early-Titled-Tuesday-Blitz-October-03-2023"]
[Site "Chess.com"]
[Date "2023.10.03"]
[Round "1"]
[White "Goi_Manne"]
[Black "tetrix83"]
[Result "0-1"]
[WhiteElo "2281"]
[BlackElo "2615"]
[TimeControl "180+1"]
[EndTime "8:05:52 PDT"]
[Termination "tetrix83 won by resignation"]

1. e4 c5 2. Nf3 d6 3. Bb5+ Bd7 4. Bxd7+ Nxd7 5. O-O Ngf6 6. Qe2 e6 7. Rd1 Be7 8. d4 cxd4 9. Nxd4 O-O 10. c4 a6 11.
Nc3 Qc7 12. h3 Rfc8 13. b3 b5 14. Bb2 bxc4 15. Rac1 Ne5 16. bxc4 Qxc4 17. Qe3 Qb4 18. Ba1 Rc4 19. f4 Ned7 20. Kh2 Rac8 21. Nce2 Rxc1 22. Rxc1 Rxc1 23. Nxc1 d5 24. e5 Ne4 25. Nc6 Qc5 26. Nxe7+ Qxe7 27. Bd4 h5 28. Nd3 Qa3 29. Qe2 g6 30. Nf2 Qg3+ 31. Kg1 Qxf4 32. Nxe4 Qxe4 33. Qb2 Kg7 34. Kh1 h4 35. a4 Nf8 36. a5 Nh7 37.
Qb6 Ng5 38. Bf2 Qf4 39. Be3 Qf1+ 40. Kh2 Ne4 41. Bg1 Qf4+ 42. Kh1 Ng3+ 43. Kh2 Ne2+ 44. Kh1 Qf1 45. Kh2 Qxg1+ 0-1

[Event "Early-Titled-Tuesday-Blitz-October-03-2023"]
[Site "Chess.com"]
[Date "2023.10.03"]
[Round "1"]
[White "Ducke13"]
[Black "sergoy"]
[Result "0-1"]
[WhiteElo "2508"]
[BlackElo "3025"]
[TimeControl "180+1"]
[EndTime "8:05:53 PDT"]
[Termination "sergoy won on time"]

1. d4 d5 2. g3 Nf6 3. Nf3 g6 4. c4 c6 5. Bg2 Bg7 6. cxd5 cxd5 7. Nc3 O-O 8. Ne5 e6 9. Bg5 h6 10. Bf4 Nfd7 11. O-O Nxe5 12. Bxe5 Bxe5 13. dxe5 Nc6 14. Qd2 Nxe5 15. Qxh6 Qf6 16. Rad1 Bd7 17. e4 d4 18.
Qf4 Qg7 19. Rxd4 Bc6 20. Rfd1 b5 21. Qe3 a5 22. a3 Rac8 23. Qe2 Nc4 24. f4 e5 25. R4d3 exf4 26. gxf4 b4 27. axb4 axb4 28. Nd5 Bxd5 29. Rxd5 Nxb2 30. R1d4 Na4 31. Rd7 Rc1+ 32. Kf2 Nc3 33. Qd3 Qf6 34. e5 Qh4+ 35. Qg3 Rc2+ 36.
Kg1 Ne2+ 37. Kf1 Nxg3+ 38. hxg3 Qxg3 39. Rd2 Rxd2 40. Rxd2 Qxf4+ 41. Rf2 Qxe5 42. Re2 Qc3 43. Be4 b3 44. Kf2 b2 45. Kf1 Qc1+ 46. Kf2 Qf4+ 47. Ke1 Qxe4 48. Rxe4 b1=Q+ 0-1

[Event "Early-Titled-Tuesday-Blitz-October-03-2023"]
[Site "Chess.com"]
[Date "2023.10.03"]
[Round "1"]
[White "Anton_Demchenko"]
[Black "brm72"]
[Result "1-0"]
[WhiteElo "2908"]
[BlackElo "2500"]
[TimeControl "180+1"]
[EndTime "8:05:54 PDT"]
[Termination "Anton_Demchenko won by resignation"]

1. e4 c5 2. Nf3 d6 3. d4 cxd4 4. Nxd4 Nf6 5. Nc3 a6 6. Bd3 e5 7. Nde2 Be7 8. O-O O-O 9. h3 b5 10. Ng3 Nc6 11. Be3 Be6 12. a4 b4 13. Nd5 Nd7 14.
Bc4 Nc5 15. Bxc5 dxc5 16. Qd3 a5 17. c3 Bg5 18. Rad1 Rb8 19. Qe2 Qc8 20. Qf3 Ne7 21. Nf5 Nxf5 22. exf5 Bxf5 23. Qg3 Bd8 24. Qxe5 Be6 25.
Rfe1 Bxd5 26. Rxd5 Bf6 27. Qg3 Re8 28. Red1 Qc6 29.
Rd7 Rf8 30. Rxf7 Rxf7 31. Qxb8+ 1-0

[Event "Early-Titled-Tuesday-Blitz-October-03-2023"]
[Site "Chess.com"]
[Date "2023.10.03"]
[Round "1"]
[White "VovenRogel"]
[Black "Maus7"]
[Result "1-0"]
[WhiteElo "2854"]
[BlackElo "2476"]
[TimeControl "180+1"]
[EndTime "8:05:55 PDT"]
[Termination "VovenRogel won by resignation"]

1. Nf3 d5 2. e3 Nf6 3. c4 e6 4. Nc3 Bb4 5. Qa4+ Nc6 6. Ne5 Bxc3 7. Nxc6 Bxd2+ 8. Bxd2 bxc6 9. cxd5 Qxd5 10. f3 O-O 11. e4 Qe5 12. Bc3 Qg5 13. Qxc6 Rb8 14. Bd2 Qe5 15.
Qc3 Qxc3 16. Bxc3 c5 17. Be2 Rb6 18. Kf2 Ba6 19. Rhc1 Bxe2 20. Kxe2 Rc8 21. Rd1 Kf8 22. Rd2 Ke7 23. Rad1 Rb7 24. g4 Ne8 25. h4 f6 26. g5 e5 27. Ke3 Rbc7 28. f4 exf4+ 29. Kxf4 Kf7 30. Kf5 g6+ 31. Kf4 fxg5+ 32. hxg5 Ng7 33.
Rd7+ Kf8 34. Bxg7+ 1-0

[Event "Early-Titled-Tuesday-Blitz-October-03-2023"]
[Site "Chess.com"]
[Date "2023.10.03"]
[Round "1"]
[White "ActorXu"]
[Black "CalinGheorghiu"]
[Result "1-0"]
[WhiteElo "2716"]
[BlackElo "2403"]
[TimeControl "180+1"]
[EndTime "8:05:55 PDT"]
[Termination "ActorXu won by resignation"]

1. e4 c6 2. d4 d5 3. e5 Bf5 4.
h4 h5 5. Bd3 Bxd3 6. Qxd3 e6 7.
Bg5 Qa5+ 8. Nd2 Qa6 9. c4 Ne7 10. Ngf3 Nf5 11. O-O Nd7 12. b3 Ba3 13. Rad1 O-O 14.
Rfe1 c5 15. Qb1 dxc4 16. Nxc4 cxd4 17. Nxa3 Qxa3 18. Nxd4 Nxd4 19. Rxd4 Nb6 20. Qd1 g6 21. g4 hxg4 22. Qxg4 Qxa2 23. Bf6 Qxb3 24. Qg5 Kh7 25. h5 Qc2 26. Rh4 Kg8 27. Qh6 1-0

[Event "Early-Titled-Tuesday-Blitz-October-03-2023"]
[Site "Chess.com"]
[Date "2023.10.03"]
[Round "1"]
[White "BatboldNyamsuren0919"]
[Black "Dixit_Nikhil"]
[Result "0-1"]
[WhiteElo "2287"]
[BlackElo "2615"]
[TimeControl "180+1"]
[EndTime "8:05:55 PDT"]
[Termination "Dixit_Nikhil won by resignation"]

1. d4 Nf6 2. c4 g6 3. Nc3 Bg7 4. e4 d6 5. f3 O-O 6. Bd3 a6 7. Nge2 c5 8. Be3 cxd4 9. Nxd4 Nc6 10. Nxc6 bxc6 11. O-O c5 12. Rb1 Rb8 13. Qc2 Ne8 14.
b3 Nc7 15. Rfd1 Ne6 16. Bf1 Nd4 17. Bxd4 Bxd4+ 18. Kh1 e6 19. Ne2 e5 20. Nxd4 cxd4 21. b4 Be6 22. Qa4 Qb6 23. a3 Rfc8 24. Rdc1 Rc7 25.
Rb2 Rbc8 26. Rbc2 Kg7 27. Bd3 a5 28. Qxa5 Qxa5 29. bxa5 Rc5 30. a6 Ra8 31. Rb1 Rxa6 32. Rb3 Ra4 33. Rb5 Rxa3 34. Bf1 Rxc4 0-1

[Event "Early-Titled-Tuesday-Blitz-October-03-2023"]
[Site "Chess.com"]
[Date "2023.10.03"]
[Round "1"]
[White "Murad_Ibrahimli"]
[Black "CarlosjPineror"]
[Result "1-0"]
[WhiteElo "2924"]
[BlackElo "2502"]
[TimeControl "180+1"]
[EndTime "8:05:56 PDT"]
[Termination "Murad_Ibrahimli won by resignation"]

1. Nf3 d5 2. d4 Nf6 3. c4 dxc4 4. e3 e6 5. Bxc4 a6 6. O-O c5 7. b3 b5 8. Be2 Bb7 9. Bb2 Nbd7 10. a4 Qb6 11. axb5 axb5 12. Rxa8+ Bxa8 13. Nc3 Bc6 14. Qc2 Be7 15. Ne5 Nxe5 16. dxe5 Nd7 17. Ne4 O-O 18. Nd6 Rd8 19. Rd1 f6 20. Bg4 Nf8 21. f4 f5 22.
Be2 c4 23. Bd4 Qb8 24. bxc4 bxc4 25. Bxc4 Bxd6 26. exd6 Qxd6 27. Qxf5 Bd5 28. Qg5 Qc7 29. Bf1 h6 30. Qg3 Qf7 31. Rc1 Nh7 32. Qh4 Nf6 33. h3 Ne4 34. Qxd8+ 1-0

[Event "Early-Titled-Tuesday-Blitz-October-03-2023"]
[Site "Chess.com"]
[Date "2023.10.03"]
[Round "1"]
[White "goldihouse"]
[Black "parintele_chess"]
[Result "1-0"]
[WhiteElo "2602"]
[BlackElo "2259"]
[TimeControl "180+1"]
[EndTime "8:05:57 PDT"]
[Termination "goldihouse won on time"]

1. c4 c5 2. g3 g6 3. Bg2 Bg7 4. Nc3 Nc6 5. a3 a5 6. e3 e5 7. Nge2 Nge7 8. O-O O-O 9. Rb1 d6 10. d3 Be6 11. Nd5 Bxd5 12. cxd5 Nb8 13. b4 axb4 14. axb4 cxb4 15. Rxb4 Na6 16. Rxb7 Nc5 17.
Rb1 Qa5 18. Bd2 Qa6 19. d4 exd4 20. Nxd4 Qd3 21. Bb4 Rfd8 22. Nc6 Nxc6 23. dxc6 Rac8 24.
Ba5 Re8 25. Qxd3 Nxd3 26. Rfd1 Ne5 27. Rdc1 Ra8 28. Bb6 Ra6 29. c7 Rc8 30. Bb7 1-0

[Event "Early-Titled-Tuesday-Blitz-October-03-2023"]
[Site "Chess.com"]
[Date "2023.10.03"]
[Round "1"]
[White "pankajfm"]
[Black "whiteglovethief"]
[Result "0-1"]
[WhiteElo "2099"]
[BlackElo "2534"]
[TimeControl "180+1"]
[EndTime "8:05:57 PDT"]
[Termination "whiteglovethief won by resignation"]

1. d4 Nf6 2. Bf4 g6 3. Nc3 Bg7 4. e4 O-O 5. Qd2 d5 6. e5 Ne4 7. Nxe4 dxe4 8. c3 c5 9. Bh6 cxd4 10. cxd4 Bxh6 11. Qxh6 Qxd4 12. Ne2 Qxb2 13. Rd1 Qxe5 14. Nd4 Qa5+ 15. Rd2 Rd8 16. Nb3 Qc3 17. Qe3 Qxe3+ 18. fxe3 Rxd2 19. Kxd2 Nc6 20. Bb5 Be6 21. Nc5 Rd8+ 22.
Ke2 Rd5 23. Bxc6 Rxc5 24. Bxe4 Bxa2 25. Ra1 Bc4+ 26. Kf2 Ba6 27. Rd1 Rc7 28. Rd8+ Kg7 29. Ra8 b6 30. Rd8 Bb5 31. Rb8 Bc6 32. Bxc6 Rxc6 33.
Rb7 a5 34. Rxe7 a4 35. Ra7 b5 36. Rb7 Ra6 37. Rxb5 a3 38. Rb1 a2 39. Ra1 f5 40.
Ke2 Kf6 41. Kd2 Ke5 0-1

[Event "Early-Titled-Tuesday-Blitz-October-03-2023"]
[Site "Chess.com"]
[Date "2023.10.03"]
[Round "1"]
[White "ValentunHulka"]
[Black "Barmen_EV"]
[Result "1-0"]
[WhiteElo "2794"]
[BlackElo "2451"]
[TimeControl "180+1"]
[EndTime "8:05:58 PDT"]
[Termination "ValentunHulka won by checkmate"]

1. d4 f5 2. c4 Nf6 3. Nc3 d6 4. Nf3 g6 5. g3 Bg7 6. Bg2 O-O 7. O-O Qe8 8. Re1 e5 9. e4 Nc6 10. d5 Nb8 11. Nd2 a5 12. b3 Na6 13. Bb2 Nc5 14.
Qc2 h6 15. a3 f4 16. b4 Ncd7 17. Nb5 Qd8 18. c5 Ne8 19. Rac1 axb4 20. axb4 Qf6 21. Rf1 g5 22. cxd6 cxd6 23. Ra1 Rxa1 24. Bxa1 b6 25.
Qxc8 Qf7 26. Qc6 g4 27. f3 gxf3 28. Rxf3 Nef6 29. Nxd6 Qg6 30. Nf5 Nxe4 31. Qxg6 Nxd2 32. Qxg7# 1-0

[Event "Early-Titled-Tuesday-Blitz-October-03-2023"]
[Site "Chess.com"]
[Date "2023.10.03"]
[Round "1"]
[White "deribas12345"]
[Black "AlexandraSamaganova"]
[Result "1-0"]
[WhiteElo "2579"]
[BlackElo "2214"]
[TimeControl "180+1"]
[EndTime "8:05:59 PDT"]
[Termination "deribas12345 won by resignation"]

1. d4 Nf6 2. c4 e6 3. Nc3 Bb4 4. a3 Bxc3+ 5. bxc3 O-O 6. f3 d5 7. e3 b6 8. cxd5 Nxd5 9. Bd2 Bb7 10. Bd3 c5 11. Ne2 Nc6 12. O-O Rc8 13. e4 Nf6 14. Be3 cxd4 15. cxd4 h6 16. Rc1 Qe7 17. Qa4 Rfd8 18. Kh1 Na5 19. g4 Bc6 20. Qb4 Qb7 21. g5 hxg5 22. Bxg5 Qd7 23. Bxf6 gxf6 24. Rg1+ Kh8 25.
Qd2 Kh7 26. Qe1 1-0

[Event "Early-Titled-Tuesday-Blitz-October-03-2023"]
[Site "Chess.com"]
[Date "2023.10.03"]
[Round "1"]
[White "Riku-gan"]
[Black "MaxLeto"]
[Result "1-0"]
[WhiteElo "2906"]
[BlackElo "2496"]
[TimeControl "180+1"]
[EndTime "8:06:01 PDT"]
[Termination "Riku-gan won on time"]

1. e4 c5 2. Nf3 d6 3. b4 cxb4 4. d4 Nf6 5. Bd3 Bg4 6. h3 Bxf3 7. Qxf3 e6 8. O-O Nc6 9. Be3 Be7 10. Nd2 O-O 11.
Rad1 Qa5 12. Qg3 Qxa2 13. f4 Qa5 14. Nf3 d5 15. e5 Ne4 16. Qg4 Rae8 17. f5 exf5 18.
Qxf5 f6 19. Bxe4 dxe4 20. Qxe4 fxe5 21. d5 Nd4 22. Nxe5 Ne2+ 23. Kh1 Bf6 24. Qc4 Ng3+ 25.
Kg1 Bxe5 26. d6+ Kh8 27. d7 Rd8 28. Rxf8+ Rxf8 29. Bf2 Nf5 30. Qf7 Qd8 31. Qxf8+ Qxf8 32. d8=Q 1-0

[Event "Early-Titled-Tuesday-Blitz-October-03-2023"]
[Site "Chess.com"]
[Date "2023.10.03"]
[Round "1"]
[White "JiiHart"]
[Black "betta2004"]
[Result "0-1"]
[WhiteElo "2178"]
[BlackElo "2551"]
[TimeControl "180+1"]
[EndTime "8:06:01 PDT"]
[Termination "betta2004 won by resignation"]

1. e4 e5 2. Nf3 Nf6 3. d4 Nxe4 4.
Bd3 d5 5. Nxe5 Bd6 6. c4 c6 7.
Nc3 Nxc3 8. bxc3 O-O 9. O-O Be6 10. f4 f5 11. c5 Bc7 12. Qc2 Nd7 13. g4 Nxe5 14.
fxe5 fxg4 15. Bxh7+ Kh8 16. Be3 Qh4 17. Bg6 g3 18. Qg2 Rxf1+ 19. Rxf1 Bh3 20. Rf4 gxh2+ 21.
Qxh2 Qe1+ 0-1

[Event "Early-Titled-Tuesday-Blitz-October-03-2023"]
[Site "Chess.com"]
[Date "2023.10.03"]
[Round "1"]
[White "IamSchrodingersCat"]
[Black "Polish_fighter3000"]
[Result "0-1"]
[WhiteElo "2515"]
[BlackElo "3091"]
[TimeControl "180+1"]
[EndTime "8:06:03 PDT"]
[Termination "Polish_fighter3000 won on time"]

1. e4 e5 2. Nf3 Nc6 3. Bb5 a6 4. Ba4 Nf6 5. d3 b5 6. Bb3 Bc5 7. c3 d6 8. O-O O-O 9. Nbd2 h6 10. Re1 Ng4 11. Re2 Kh8 12. h3 f5 13. exf5 Nxf2 14. Rxf2 Bxf2+ 15. Kxf2 Bxf5 16. Qe2 d5 17. Kg1 Qd6 18. Nf1 Rae8 19. Bc2 b4 20. Ba4 bxc3 21. bxc3 e4 22. Bxc6 exf3 23. Qxe8 f2+ 24. Kh1 Rxe8 25.
Bxe8 Qe6 26. Bh5 Qe1 27. Bb2 Bxd3 0-1

[Event "Early-Titled-Tuesday-Blitz-October-03-2023"]
[Site "Chess.com"]
[Date "2023.10.03"]
[Round "1"]
[White "Kirill_Klukin"]
[Black "NLLO777"]
[Result "1-0"]
[WhiteElo "2689"]
[BlackElo "2387"]
[TimeControl "180+1"]
[EndTime "8:06:03 PDT"]
[Termination "Kirill_Klukin won by resignation"]

1. e4 c5 2. d4 cxd4 3. Qxd4 Nc6 4. Qd3 g6 5. Nf3 Bg7 6. Nc3 Nf6 7. Be2 d6 8. O-O O-O 9. Bg5 Bg4 10. Nd5 Bxf3 11. Bxf3 Ne5 12. Qe2 Nxd5 13. exd5 Nxf3+ 14. Qxf3 h6 15. Be3 Kh7 16. c3 Qa5 17. Rfe1 Bf6 18. g3 Kg7 19. Re2 b5 20. a3 Qa4 21. Rae1 a5 22. h4 b4 23. Qf4 h5 24. Bd4 Bxd4 25. Qxd4+ Kg8 26. Rxe7 Qb3 27. R1e6 Kh7 28. Qd3 Kg7 29. Qxg6+ 1-0

[Event "Early-Titled-Tuesday-Blitz-October-03-2023"]
[Site "Chess.com"]
[Date "2023.10.03"]
[Round "1"]
[White "aistrel"]
[Black "Artemiki"]
[Result "0-1"]
[WhiteElo "2560"]
[BlackElo "2237"]
[TimeControl "180+1"]
[EndTime "8:06:03 PDT"]
[Termination "Artemiki won by resignation"]

1. d4 d5 2. Bf4 Nf6 3. e3 c5 4.
Nc3 a6 5. dxc5 Nc6 6. Nf3 e6 7. Na4 Bxc5 8. Nxc5 Qa5+ 9. c3 Qxc5 10. Bd3 O-O 11. O-O h6 12. Bc2 Qe7 13. Ne5 Nxe5 14. Bxe5 Bd7 15. Qd3 Ne4 16. f3 Bb5 17. Qd4 f6 18. fxe4 Bxf1 19. Bg3 Bc4 20. b3 e5 21. Qd2 Bb5 22. exd5 Rad8 23. c4 Be8 24. Bf5 g6 25.
Bc2 Kg7 26. Rd1 Qd6 27. b4 b6 28. Bb3 Bd7 29. e4 Rc8 30. Qc3 Rc7 31. a3 Rfc8 32. h3 Bb5 33. Rc1 Bxc4 34. Bxc4 b5 35. Qf3 Rxc4 36. Rf1 Rc1 37. Bh4 Rxf1+ 38. Qxf1 Rc4 39.
Qf2 g5 40. Bg3 Rxe4 41. Qa7+ Kg6 42. h4 Qxd5 43. hxg5 Qd4+ 44. Kh2 Qxa7 0-1

[Event "Early-Titled-Tuesday-Blitz-October-03-2023"]
[Site "Chess.com"]
[Date "2023.10.03"]
[Round "1"]
[White "Misha_Bilous"]
[Black "chito89"]
[Result "0-1"]
[WhiteElo "2453"]
[BlackElo "2804"]
[TimeControl "180+1"]
[EndTime "8:06:04 PDT"]
[Termination "chito89 won on time"]

1. d4 Nf6 2. c4 d6 3. Nc3 Nbd7 4. e4 e5 5. Nf3 g6 6. Be2 Bg7 7. O-O O-O 8. h3 exd4 9. Nxd4 Re8 10. f3 Nh5 11.
Be3 c6 12. Qc2 Qh4 13. Rfd1 Be5 14. Bd3 Qg3 15. Nce2 Qh2+ 16. Kf1 Nc5 17. Qd2 Bxh3 18. Ng1 Ng3+ 19. Ke1 Bxg2 20. Nde2 Nh1 21. Qb4 a5 0-1

[Event "Early-Titled-Tuesday-Blitz-October-03-2023"]
[Site "Chess.com"]
[Date "2023.10.03"]
[Round "1"]
[White "marik_spb"]
[Black "hurricane7791"]
[Result "0-1"]
[WhiteElo "2386"]
[BlackElo "2690"]
[TimeControl "180+1"]
[EndTime "8:06:05 PDT"]
[Termination "hurricane7791 won on time"]

1. d4 Nf6 2. c4 e6 3. Nf3 c5 4. d5 exd5 5. cxd5 d6 6. Nc3 g6 7.
g3 Bg7 8. Bg2 O-O 9. O-O Na6 10.
Re1 Nc7 11. e4 Bg4 12. Qd3 Bxf3 13. Bxf3 Nd7 14. Bg2 Rb8 15. a4 a6 16. a5 b5 17.
axb6 Rxb6 18. f4 Qe7 19. Kh1 Rfb8 20. Ra4 h5 21. Qd1 h4 22. f5 hxg3 23. hxg3 Rxb2 24. Bxb2 Rxb2 25. Ne2 Qg5 26. Qc1 Qh5+ 27. Kg1 Rxe2 28. fxg6 fxg6 29. Rxe2 Qxe2 30. Qg5 Qd1+ 31. Bf1 Qxa4 32.
Qd8+ Nf8 33. Qxc7 Qd4+ 34. Kh2 Qf2+ 35. Bg2 Be5 36. Qc8 Qxg3+ 37. Kg1 Bd4+ 38. Kh1 Qe1+ 39.
Kh2 Qh4+ 40. Bh3 Be5+ 41. Kg1 Qe1+ 42. Kg2 Qxe4+ 43. Kf1 Qf3+ 44. Kg1 Bd4+ 45. Kh2 Qf4+ 46. Kh1 Qf2 47. Be6+ Kh8 0-1

[Event "Early-Titled-Tuesday-Blitz-October-03-2023"]
[Site "Chess.com"]
[Date "2023.10.03"]
[Round "1"]
[White "zverr1"]
[Black "BlueWizzard"]
[Result "0-1"]
[WhiteElo "2505"]
[BlackElo "2952"]
[TimeControl "180+1"]
[EndTime "8:06:06 PDT"]
[Termination "BlueWizzard won on time"]

1. e4 g6 2. d4 d5 3. Nc3 dxe4 4.
Nxe4 Bg7 5. c3 Nh6 6. Nf3 Nf5 7. Ng3 O-O 8. Nxf5 Bxf5 9. Bd3 Bxd3 10. Qxd3 c5 11.
Be3 cxd4 12. cxd4 Nc6 13. O-O Rc8 14. a3 Qd5 15. Rfd1 Rfd8 16. Qe2 Qe4 17. Ng5 Qf5 18.
Qf3 Nxd4 19. Qxb7 Nc2 20. Rxd8+ Rxd8 21. Qxe7 Rf8 22. Rd1 Bf6 23. Qe4 Nxe3 24. fxe3 Qxg5 25. Rd7 Qb5 26. Rb7 Qa5 27. h3 Qd2 28. Qf4 Bxb2 29.
Rxa7 Qc1+ 30. Kh2 Bxa3 31. Rd7 Bc5 32. Rd3 Qc2 33. Qe4 Qf2 34. Rd5 Bxe3 35. Rd3 Bf4+ 0-1

[Event "Early-Titled-Tuesday-Blitz-October-03-2023"]
[Site "Chess.com"]
[Date "2023.10.03"]
[Round "1"]
[White "Balla_Tamas"]
[Black "bascheyaro"]
[Result "0-1"]
[WhiteElo "2451"]
[BlackElo "2801"]
[TimeControl "180+1"]
[EndTime "8:06:10 PDT"]
[Termination "bascheyaro won by resignation"]

1. e4 e6 2. d4 d5 3. Nd2 c5 4.
exd5 exd5 5. Ngf3 Nc6 6. Bb5 c4 7. Bxc6+ bxc6 8. c3 Bd6 9. O-O Ne7 10. b3 cxb3 11.
axb3 c5 12. Ba3 Qc7 13. dxc5 Bxc5 14. Bxc5 Qxc5 15. c4 O-O 16. cxd5 Bb7 17. Re1 Bxd5 18. Rc1 Qb4 19. Nc4 Rfd8 20. Qe2 Ng6 21. Qe3 h6 22. h3 Rab8 23. Qxa7 Bxf3 24. gxf3 Qxb3 25. Ne3 Qe6 26. Ng4 Qf5 27. Rc5 Qxf3 28. Rc7 Nf4 29. Ne3 Nxh3+ 30.
Kh2 Qxf2+ 31. Kxh3 Rb4 32. Ng2 Qf3+ 33. Kh2 Rd2 34. Qa8+ Qxa8 0-1

[Event "Early-Titled-Tuesday-Blitz-October-03-2023"]
[Site "Chess.com"]
[Date "2023.10.03"]
[Round "1"]
[White "bolwin"]
[Black "twofoxniel"]
[Result "0-1"]
[WhiteElo "2251"]
[BlackElo "2597"]
[TimeControl "180+1"]
[EndTime "8:06:10 PDT"]
[Termination "twofoxniel won by resignation"]

1. Nf3 d5 2. c4 c6 3. d4 Nf6 4. Nc3 dxc4 5. a4 Bf5 6. Ne5 Nbd7 7. Nxc4 Nb6 8. Ne5 a5 9. Bf4 e6 10. f3 Nfd7 11. e4 Nxe5 12. Bxe5 Bg6 13. Be2 f6 14. Bg3 Bd6 15. O-O Bxg3 16. hxg3 O-O 17. Qd2 Qd6 18. Rfd1 Qxg3 19. Qe3 Qc7 20. Rac1 Rad8 21. d5 exd5 22. exd5 Rfe8 23. Qf2 Nd7 24. Nb5 Qe5 25. dxc6 bxc6 26.
Bc4+ Kh8 27. Nd6 Rf8 28. f4 Qc5 29. Nb7 Qxf2+ 30. Kxf2 Bf5 31. Nxd8 Rxd8 32. Rd6 Rb8 33. b3 h5 34. Rcd1 Nc5 35. Rd8+ Rxd8 36. Rxd8+ Kh7 37.
Rd6 Ne4+ 38. Ke3 Nxd6 39. Kd4 Nxc4 40. Kxc4 Be4 0-1

[Event "Early-Titled-Tuesday-Blitz-October-03-2023"]
[Site "Chess.com"]
[Date "2023.10.03"]
[Round "1"]
[White "taleslascando"]
[Black "Orest_Vovk"]
[Result "0-1"]
[WhiteElo "2009"]
[BlackElo "2528"]
[TimeControl "180+1"]
[EndTime "8:06:10 PDT"]
[Termination "Orest_Vovk won on time"]

1. e4 g5 2. d4 g4 3. Nc3 Bg7 4. f4 c5 5. d5 Bxc3+ 6. bxc3 d6 7. c4 Nf6 8. Bd3 Qa5+ 9. Qd2 Qa4 10. Bb2 Rg8 11. e5 dxe5 12. fxe5 Nfd7 13. Bxh7 Rg5 14. O-O-O Rxe5 15. Bxe5 Nxe5 16. Qg5 Nxc4 17. Qg8+ Kd7 18.
Bf5+ Kd6 19. Qd8+ Nd7 20. Rd2 Qa3+ 21. Kd1 Ne3+ 22. Ke2 Nxf5 23. h3 Ng3+ 24. Kd1 Nxh1 25. Qh8 Ne5 26. Qh6+ f6 27. Ne2 Nf2+ 28. Ke1 Ne4 0-1

[Event "Early-Titled-Tuesday-Blitz-October-03-2023"]
[Site "Chess.com"]
[Date "2023.10.03"]
[Round "1"]
[White "jasonbolivar"]
[Black "borocotoajua"]
[Result "0-1"]
[WhiteElo "2259"]
[BlackElo "2603"]
[TimeControl "180+1"]
[EndTime "8:06:11 PDT"]
[Termination "borocotoajua won on time"]

1. e4 c6 2. Nf3 d5 3. d3 Bg4 4.
h3 Bxf3 5. Qxf3 e6 6. g3 Nd7 7.
Bg2 Ngf6 8. O-O Bd6 9. Qe2 dxe4 10. dxe4 e5 11. Rd1 Qc7 12. Nd2 O-O 13. Nc4 Bc5 14. a4 Rfe8 15. c3 a5 16. Bg5 h6 17. Be3 Bf8 18. g4 Nc5 19. f3 Ne6 20. Bb6 Bc5+ 21. Bxc5 Nxc5 22. Nd6 Red8 23. Nf5 Ne6 24. Bf1 Nf4 25. Qf2 Kh7 26. Kh2 b6 27. Qh4 Ng6 28. Qf2 Nd7 29. Bc4 Nc5 30. Qe3 Nf4 31. h4 g6 32. Ng3 Qe7 33. h5 Qh4+ 0-1

[Event "Early-Titled-Tuesday-Blitz-October-03-2023"]
[Site "Chess.com"]
[Date "2023.10.03"]
[Round "1"]
[White "ViIIagra"]
[Black "szachuspl"]
[Result "1-0"]
[WhiteElo "2954"]
[BlackElo "2505"]
[TimeControl "180+1"]
[EndTime "8:06:13 PDT"]
[Termination "ViIIagra won by checkmate"]

1. g3 Nf6 2. Bg2 g6 3. e4 e5 4.
Nc3 Bg7 5. Nge2 O-O 6. O-O Nc6 7. d3 d6 8. f4 exf4 9. Nxf4 Nd4 10. h3 Nd7 11. Ncd5 c6 12. Ne3 a5 13. c3 Ne6 14.
Bd2 Qb6 15. Rb1 Nxf4 16. gxf4 f5 17. Kh1 fxe4 18. dxe4 Nc5 19. f5 gxf5 20. exf5 Bd7 21. Qc2 Rae8 22. Ng4 Rf7 23. f6 Bf8 24. Nh6+ Bxh6 25.
Bxh6 Re5 26. Bd5 cxd5 27. Rg1+ Kh8 28. Bg7+ Kg8 29. Bh6+ Kh8 30. Rg7 Rxg7 31. fxg7+ Kg8 32. Rf1 Bf5 33. Rxf5 Re1+ 34. Kg2 Ne6 35. Rf8+ Nxf8 36. gxf8=Q# 1-0

[Event "Early-Titled-Tuesday-Blitz-October-03-2023"]
[Site "Chess.com"]
[Date "2023.10.03"]
[Round "1"]
[White "FERNANDEZL1983"]
[Black "NowInChess"]
[Result "1-0"]
[WhiteElo "2600"]
[BlackElo "2255"]
[TimeControl "180+1"]
[EndTime "8:06:13 PDT"]
[Termination "FERNANDEZL1983 won on time"]

1. e4 e6 2. d3 d5 3. Nd2 Nf6 4. Ngf3 Nc6 5. g3 dxe4 6. dxe4 e5 7. Bg2 Bc5 8. O-O O-O 9. h3 a5 10. c3 h6 11. Re1 Be6 12. Bf1 Qd7 13. Nc4 Bxc4 14. Qxd7 Nxd7 15. Bxc4 Nb6 16. Bb5 f6 17. Nh4 Na7 18. Be2 Rad8 19. Kg2 Nc6 20. b3 Ne7 21. a4 Kf7 22. Ra2 Rd6 23. Bh5+ g6 24. Be2 h5 25. Rd2 Rxd2 26. Bxd2 Rd8 27. Bc1 c6 28.
Rd1 Rxd1 29. Bxd1 Na8 30. Nf3 Nc7 31. Nd2 b6 32. Nc4 Nc8 33. f4 exf4 34. gxf4 Ne6 35. f5 Nc7 36. Bf4 Ne8 37. e5 g5 38. Bxh5+ Ke7 39. Bc1 fxe5 40. Bxg5+ Kf8 41. Nxe5 Ne7 42. Nd7+ Kg7 43. Bxe8 Nxf5 44. Nxc5 bxc5 45. Bxc6 1-0

[Event "Early-Titled-Tuesday-Blitz-October-03-2023"]
[Site "Chess.com"]
[Date "2023.10.03"]
[Round "1"]
[White "UNSTOPPABLE_LEGEND"]
[Black "Mysterio47"]
[Result "1-0"]
[WhiteElo "2436"]
[BlackElo "2727"]
[TimeControl "180+1"]
[EndTime "8:06:14 PDT"]
[Termination "UNSTOPPABLE_LEGEND won by resignation"]

1. e4 e5 2. Nf3 Nc6 3. Bc4 Nf6 4.
d3 Bc5 5. c3 O-O 6. O-O d5 7.
exd5 Nxd5 8. Re1 Bg4 9. h3 Bh5 10. Nbd2 Nb6 11. Bb3 Qxd3 12. Nxe5 Qf5 13. Nef3 Rae8 14.
Bc2 Qd7 15. Ne4 Qxd1 16. Rxd1 Be7 17. Bf4 Bd8 18. Nc5 Bxf3 19. gxf3 Re2 20. Bd3 Ree8 21. Nxb7 Be7 22. Bb5 Nd8 23. Bxe8 Nxb7 24. Bc6 Na5 25.
Be4 Nac4 26. b3 Nd6 27. c4 Bf6 28. Rac1 Nxe4 29. fxe4 c5 30. Rd6 h5 31. Rcd1 Re8 32. f3 Bd4+ 33. R6xd4 cxd4 34. Rxd4 Rc8 35. a4 Kf8 36. a5 Na8 37. Rd7 a6 38. Ra7 f6 39.
Rxa6 Kf7 40. Ra7+ Kg6 41. a6 Nb6 42. Rb7 Na8 43. a7 1-0

[Event "Early-Titled-Tuesday-Blitz-October-03-2023"]
[Site "Chess.com"]
[Date "2023.10.03"]
[Round "1"]
[White "DarZay"]
[Black "HATilay"]
[Result "0-1"]
[WhiteElo "2192"]
[BlackElo "2562"]
[TimeControl "180+1"]
[EndTime "8:06:16 PDT"]
[Termination "HATilay won by resignation"]

1. e4 c5 2. Nf3 e6 3. d4 cxd4 4. Nxd4 a6 5. c4 Nf6 6. Nc3 Bb4 7. Bd3 Nc6 8. Nb3 O-O 9. O-O d5 10. cxd5 exd5 11. exd5 Bxc3 12. dxc6 Be5 13. f4 Bc7 14. cxb7 Bxb7 15. Be3 Qd5 16. Qc2 Ng4 17. Bc5 Rfc8 18. Bxh7+ Kh8 19. Rad1 Qh5 20. h3 Nf6 21. Bf5 Re8 22.
Kh2 Re2 0-1